[Event "Team 45 45 League T40"]
[Site "Internet Chess Club"]
[Date "2009.02.02"]
[Round "1"]
[White "Elita499"]
[Black "sean98"]
[Result "0-1"]
[WhiteElo "1656"]
[BlackElo "1696"]
[Opening "Sicilian: closed"]
[ECO "B23"]
[Time "16:30:34"]
[TimeControl "2700+45"]

1. e4 c5 2. Nc3 e6 3. f4 a6 4. Nf3 d5 5. d3 Nc6 6. Be2 Be7 7. O-O h5 8. Qe1 Nf6
9. Qg3 h4 10. Qxg7 Rh7 11. Qg5 Rh5 12. Nxh4 Rxg5 13. fxg5 dxe4 14. gxf6 Qd4+ 15.
Kh1 Bxf6 16. Nxe4 Bxh4 17. Bh5 Ne5 18. Bd2 Ng6 19. Bc3 Qd5 20. Bxg6 fxg6 21.
Nf6+ Bxf6 22. Rxf6 Bd7 23. Rxg6 O-O-O 24. b3 Rf8 25. Rf6 Rxf6 26. Bxf6 Bc6 27.
Rg1 Qf5 28. Bh4 Qg4 29. Bf6 Qe2 30. d4 cxd4 31. Bxd4 Qxc2 32. a4 Qxb3 33. a5
Bxg2+ 34. Rxg2 Qd1+ 35. Bg1 Qa1 36. Rg8+ Kd7 37. Rg7+ Qxg7 38. Bb6 Qg4 39. h4
Qxh4+ 40. Kg2 Qg4+ 41. Kf2 e5 42. Ke3 Qf4+ 43. Ke2 Kc6 44. Kd3 e4+ 45. Ke2 Qf3+
46. Kd2 Qd3+ 47. Ke1 e3 48. Bxe3 Qxe3+ 49. Kd1 Qa3 50. Kc2 Qxa5 51. Kb3 b5 52.
Kb2 Qb4+ 53. Kc2 a5 54. Kc1 a4 55. Kc2 Qb3+ 56. Kc1 a3 57. Kd2 a2 58. Kc1 a1=Q+
59. Kd2 Qab2+ 60. Ke1 Q3a2 61. Kd1 Qaa1# {White checkmated} 0-1

[Event "Team 45 45 League T40"]
[Site "Internet Chess Club"]
[Date "2009.01.31"]
[Round "1"]
[White "kingphisch"]
[Black "OOB1"]
[Result "0-1"]
[WhiteElo "1530"]
[BlackElo "1486"]
[Opening "Sicilian: Grand Prix attack"]
[ECO "B23"]
[Time "13:13:59"]
[TimeControl "2700+45"]

1. e4 c5 2. Nc3 Nc6 3. f4 e5 4. f5 Nf6 5. Nf3 d5 6. d3 dxe4 7. dxe4 Qxd1+ 8.
Kxd1 Bd6 9. Bd3 a6 10. h3 h6 11. Bd2 b5 12. Nd5 Nxd5 13. exd5 Ne7 14. g4 Nxd5
15. Be4 Bb7 16. Kc1 c4 17. Re1 f6 18. Ng1 O-O-O 19. Ne2 Bc5 20. a4 b4 21. Ng3
Bf2 22. Rf1 Bxg3 23. Bxd5 Bxd5 24. Bxb4 Bf4+ 25. Kb1 Bg2 26. Rg1 Bxh3 27. Ka2 h5
28. gxh5 Rxh5 29. Rxg7 Bxf5 30. c3 Rh7 31. Rxh7 Bxh7 32. Be7 Rd7 33. Bxf6 Bc2
34. Ka3 Rd1 35. Rxd1 Bxd1 36. Kb4 e4 37. Bh4 Bb3 38. Be1 Kb7 39. Kc5 Bc1 40. Kd4
Bxb2 41. Kxe4 Bxa4 42. Kd4 Bb3 43. Kc5 Ba3+ 44. Kd4 Kb6 45. Ke3 a5 46. Kd2 a4
47. Bf2+ Kb5 48. Bh4 Bb2 49. Be7 a3 50. Bxa3 Bxa3 51. Ke3 Ka4 52. Kd2 Bb2 {White
resigns} 0-1

[Event "Team 45 45 League T40"]
[Site "Internet Chess Club"]
[Date "2009.02.02"]
[Round "1"]
[White "Fidelian"]
[Black "twintower"]
[Result "1-0"]
[WhiteElo "1317"]
[BlackElo "1398"]
[Opening "French defense"]
[ECO "C00"]
[Time "14:00:16"]
[TimeControl "2700+45"]

1. e4 e6 2. Nc3 d5 3. exd5 exd5 4. Qe2+ Ne7 5. d4 Nc6 6. Nf3 Bg4 7. Qe3 Nb4 8.
Qe2 Bf5 9. Qb5+ Nec6 10. Bd3 Bxd3 11. cxd3 a6 12. Qa4 Nxd3+ 13. Kd2 Nf4 14. Re1+
Ne6 15. Re5 Bd6 16. Rxd5 O-O 17. Kc2 Nb4+ 18. Kd1 Nxd5 19. Nxd5 c6 20. Ne3 Bf4
21. Ke2 Re8 22. Kf1 Qb6 23. d5 Nc5 24. Qxf4 Re4 25. Qf5 Rae8 26. Ng5 g6 27.
Qxf7+ {Black resigns} 1-0

[Event "Team 45 45 League T40"]
[Site "Internet Chess Club"]
[Date "2009.02.02"]
[Round "1"]
[White "fishhead"]
[Black "WillsGambit"]
[Result "1-0"]
[WhiteElo "1807"]
[BlackElo "1590"]
[Opening "Scandinavian (center counter) defense"]
[ECO "B01"]
[Time "16:03:28"]
[TimeControl "2700+45"]

1. e4 d5 2. exd5 c6 3. dxc6 Nxc6 4. Bb5 a6 5. Bxc6+ bxc6 6. d4 Bb7 7. Nf3 Nf6 8.
O-O Qc7 9. c4 O-O-O 10. Be3 h5 11. Nc3 Ng4 12. Qb3 f6 13. Rac1 e5 14. d5 f5 15.
Bb6 Qb8 16. Bxd8 e4 17. d6 Bxd6 18. c5 Bxh2+ 19. Kh1 Rxd8 20. Qe6+ Rd7 21. Rcd1
Qc7 22. Ng5 Bg1 23. Qxd7+ Qxd7 24. Rxd7 Kxd7 25. Kxg1 a5 26. Na4 Ba6 27. Rd1+
Ke7 28. Nb6 Kf6 29. Nh3 e3 30. fxe3 Nxe3 31. Rd6+ Ke5 32. Nd7+ Ke4 33. Rxc6 Be2
34. Re6+ Kd4 35. c6 {Black resigns} 1-0

[Event "Team 45 45 League T40"]
[Site "Internet Chess Club"]
[Date "2009.02.02"]
[Round "1"]
[White "Kallistos"]
[Black "barraq"]
[Result "0-1"]
[WhiteElo "1741"]
[BlackElo "1702"]
[Opening "Owen defense"]
[ECO "B00"]
[Time "10:59:11"]
[TimeControl "2700+45"]

1. e4 b6 2. d4 Bb7 3. Nc3 e6 4. a3 d5 5. exd5 exd5 6. Nf3 Nf6 7. Bg5 Be7 8. Bb5+
c6 9. Bd3 h6 10. Bh4 Nbd7 11. O-O Nf8 12. Re1 Ne6 13. Bf5 Bc8 14. Ne5 Bd7 15.
Nxd7 Qxd7 16. Qe2 O-O 17. Bxe6 fxe6 18. Qxe6+ Qxe6 19. Rxe6 Rae8 20. Rae1 Bd8
21. Bxf6 Rxe6 22. Rxe6 Rxf6 23. Rxf6 Bxf6 24. Ne2 Kf7 25. c3 Ke6 26. g4 Kd6 27.
f4 c5 28. Kf2 Bh4+ 29. Kf3 Kc6 30. f5 Bf6 31. Ke3 Kb5 32. b3 c4 33. a4+ Ka5 34.
b4+ Kxa4 35. Nf4 Bg5 36. h4 Bxh4 37. Nxd5 Kb3 38. Ke4 Bd8 39. Ke5 a5 40. bxa5
bxa5 41. Ke6 a4 42. Kf7 a3 43. Nb4 {White resigns} 0-1

[Event "Team 45 45 League T40"]
[Site "Internet Chess Club"]
[Date "2009.01.30"]
[Round "1"]
[White "Notscorwood"]
[Black "JABalin"]
[Result "0-1"]
[WhiteElo "1478"]
[BlackElo "1593"]
[Opening "Sicilian: accelerated fianchetto, modern variation"]
[ECO "B34"]
[Time "18:15:15"]
[TimeControl "2700+45"]

1. e4 c5 2. Nf3 Nc6 3. d4 cxd4 4. Nxd4 g6 5. Nc3 Bg7 6. Be3 Nf6 7. h3 O-O 8. Qd2
d5 9. f3 dxe4 10. Nxe4 Nxe4 11. fxe4 Nxd4 12. O-O-O Nc6 13. Bb5 Qxd2+ 14. Rxd2
Ne5 15. Rhd1 Be6 16. b3 a6 17. Be2 Nc6 18. Bc5 Bh6 19. Bg4 Bxg4 20. hxg4 Rfd8
21. Bb6 Rxd2 22. Rxd2 Bxd2+ 23. Kxd2 h6 24. Kd3 Nb4+ 25. Kc4 Nxc2 26. a4 Rc8+
{White resigns} 0-1

[Event "Team 45 45 League T40"]
[Site "Internet Chess Club"]
[Date "2009.01.31"]
[Round "1"]
[White "dscvdchk"]
[Black "arconia"]
[Result "0-1"]
[WhiteElo "1540"]
[BlackElo "1377"]
[Opening "QGD semi-Slav: 5.e3"]
[ECO "D45"]
[Time "13:00:08"]
[TimeControl "2700+45"]

1. d4 d5 2. c4 c6 3. Nc3 Nf6 4. Nf3 e6 5. e3 Be7 6. Bd3 O-O 7. O-O Nbd7 8. c5 b6
9. b4 a6 10. a4 Qc7 11. e4 e5 12. exd5 cxd5 13. dxe5 Nxe5 14. Nxe5 Qxe5 15. Qc2
bxc5 16. Bb2 Bd6 17. g3 Qh5 18. Be2 Qh3 19. f4 Bb7 20. Bf3 cxb4 21. Nd1 Rac8 22.
Qg2 Qf5 23. Rc1 Rxc1 24. Bxc1 Rc8 25. Ne3 Bc5 26. Kh1 Qd3 27. Rd1 Qb3 28. Qc2
Qxc2 29. Nxc2 Ne4 30. Rf1 b3 31. Ne3 Bxe3 32. Bxe3 b2 33. Bxe4 dxe4 34. Rb1 Rc2
35. Kg1 Bd5 36. Rd1 h6 37. h3 Ba2 {White resigns} 0-1

[Event "Team 45 45 League T40"]
[Site "Internet Chess Club"]
[Date "2009.02.02"]
[Round "1"]
[White "GadsHill"]
[Black "Kravier"]
[Result "0-1"]
[WhiteElo "1574"]
[BlackElo "1583"]
[Opening "QGD: Marshall defense"]
[ECO "A50"]
[Time "20:04:11"]
[TimeControl "2700+45"]

1. d4 Nf6 2. c4 d5 3. cxd5 Qxd5 4. Nc3 Qh5 5. Nf3 e6 6. e3 Bb4 7. Bd2 Nc6 8. Rc1
O-O 9. a3 Ba5 10. Be2 Qg6 11. O-O Nd5 12. Nb5 Bxd2 13. Qxd2 a6 14. Bd3 f5 15.
Nc3 Nce7 16. Ne5 Qf6 17. Ne2 c6 18. Nf4 Nxf4 19. exf4 Nd5 20. Bc4 Qh4 21. Bxd5
exd5 22. Rfe1 Rf6 23. Re2 Rh6 24. Nf3 Qh5 25. Rce1 Bd7 26. Re7 Be8 27. Rxb7 Bf7
28. Ree7 Rf8 29. Qe3 Rg6 30. Qe5 Qxf3 31. g3 Rf6 32. Rb8 Bh5 33. Rxg7+ Kxg7 34.
Rxf8 Qd1+ 35. Kg2 Bf3+ 36. Kh3 Bg4+ 37. Kh4 Kxf8 38. Qxf6+ Ke8 39. Qh8+ Kd7 40.
Qxh7+ Kc8 41. Qg8+ Kc7 42. Qf7+ Kb6 43. Qf6 Qf1 44. Qd8+ Kb5 45. Qb8+ Kc4 46.
Qb4+ Kd3 47. Qc3+ Ke2 48. Qc2+ Kf3 49. Qc3+ Kxf2 50. Qc2+ Kg1 51. Kg5 Qh3 52.
Kf6 Qh8+ 53. Ke6 Qxd4 54. Qxc6 Qe4+ 55. Kd6 d4 56. Qxa6 d3 57. Qb6+ Kxh2 58.
Qf2+ Qg2 {White resigns} 0-1

[Event "Team 45 45 League T40"]
[Site "Internet Chess Club"]
[Date "2009.01.29"]
[Round "1"]
[White "kublai"]
[Black "katabatico"]
[Result "0-1"]
[WhiteElo "1470"]
[BlackElo "1339"]
[Opening "King's Indian defense, 3.Nc3"]
[ECO "E61"]
[Time "14:30:27"]
[TimeControl "2700+45"]

1. d4 Nf6 2. c4 g6 3. Nc3 Bg7 4. Bg5 d6 5. Qd2 O-O 6. Bh6 Nc6 7. Bxg7 Kxg7 8. e3
Kg8 9. Bd3 Re8 10. Nge2 e5 11. d5 Ne7 12. f3 a6 13. O-O-O b5 14. Ng3 b4 15. Nce4
Nf5 16. Nxf5 Bxf5 17. Qxb4 Nxe4 18. Bxe4 a5 19. Qc3 Bxe4 20. fxe4 Qh4 21. Qc2 a4
22. a3 Reb8 23. Rd2 Rb3 24. Qb1 Rxe3 25. g3 Qg4 26. Qc2 Rxe4 27. h3 Qf3 28. Kb1
Qxh1+ 29. Rd1 {White resigns} 0-1

[Event "Team 45 45 League T40"]
[Site "Internet Chess Club"]
[Date "2009.01.29"]
[Round "1"]
[White "sdcohle"]
[Black "SigmaSquared"]
[Result "0-1"]
[WhiteElo "1355"]
[BlackElo "1361"]
[Opening "QGD: Albin counter-gambit"]
[ECO "D08"]
[Time "23:00:43"]
[TimeControl "2700+45"]

1. d4 d5 2. c4 e5 3. e3 Nc6 4. dxe5 dxc4 5. Bxc4 Qxd1+ 6. Kxd1 Nxe5 7. Bb3 Nd3
8. Ke2 Nxc1+ 9. Kd2 Nxb3+ 10. axb3 Bf5 11. Nc3 Nf6 12. Nf3 Ne4+ 13. Ke2 Nxc3+
14. bxc3 Bg4 15. Ra4 Bxf3+ 16. Kxf3 Bd6 17. Re4+ Kd7 18. Rd4 Rae8 19. Rhd1 Kc8
20. g3 Rd8 21. Ra1 a6 22. Rd2 Be5 23. Rc2 Rd3 24. Rac1 Rhd8 25. Ke4 Bf6 26. Kf3
Rd2 27. h4 Rxc2 28. Rxc2 Rd3 29. Ke4 Rxc3 30. Rxc3 Bxc3 31. f4 Kd7 32. g4 Kc6
33. g5 g6 34. Kf3 Kb5 35. e4 Kb4 36. f5 Kxb3 37. fxg6 fxg6 38. Kg4 a5 39. h5 a4
40. hxg6 hxg6 41. Kf4 a3 42. e5 Bxe5+ 43. Kxe5 a2 44. Kf6 a1=Q+ 45. Kxg6 Qe5 46.
Kh6 Qh8+ 47. Kg6 Qg8+ 48. Kf5 Kc4 49. g6 Kd5 50. Kf6 Qf8+ 51. Kg5 Ke5 52. Kh5
Kf5 53. g7 Qxg7 54. Kh4 Qg4# {White checkmated} 0-1

[Event "Team 45 45 League T40"]
[Site "Internet Chess Club"]
[Date "2009.02.01"]
[Round "1"]
[White "simonson"]
[Black "carolinaknight"]
[Result "1-0"]
[WhiteElo "1306"]
[BlackElo "1215"]
[Opening "Nimzo-Indian: three knights variation"]
[ECO "E21"]
[Time "20:00:04"]
[TimeControl "2700+45"]

1. c4 e6 2. Nc3 Nf6 3. Nf3 Bb4 4. d4 c5 5. dxc5 Ne4 6. Bd2 Nxd2 7. Qxd2 Bxc5 8.
e3 Nc6 9. a3 b6 10. b4 Be7 11. g3 Bb7 12. Bg2 Qc7 13. O-O O-O 14. Rfd1 Rfd8 15.
Nb5 Qc8 16. Nd6 Qc7 17. Nxb7 Qxb7 18. Ne5 Qc7 19. Nxc6 dxc6 20. Qc2 Bf6 21.
Rxd8+ Qxd8 22. Rd1 Qc7 23. b5 Rd8 24. Rxd8+ Bxd8 25. Bxc6 Be7 26. Qa4 Bc5 27.
Qb3 Qe5 28. Qd1 Qd6 29. Qxd6 Bxd6 30. a4 Bb4 31. Kf1 g6 32. Ke2 Kg7 33. f4 Kf6
34. g4 h6 35. Kd3 Bc5 36. Ke4 Bd6 37. h3 Be7 38. h4 Kg7 39. g5 f5+ 40. Ke5 Bc5
41. Kxe6 Bxe3 42. Kd7 Bxf4 43. Kc8 hxg5 44. hxg5 Bxg5 45. Kb7 Kf6 46. Kxa7 Ke5
47. Kxb6 Kd6 48. a5 Be3+ 49. Kb7 {Black resigns} 1-0

[Event "Team 45 45 League T40"]
[Site "Internet Chess Club"]
[Date "2009.02.03"]
[Round "1"]
[White "Zyme"]
[Black "yemisco1"]
[Result "1-0"]
[WhiteElo "1434"]
[BlackElo "1486"]
[Opening "QGD: 3.Nc3"]
[ECO "D31"]
[Time "22:00:15"]
[TimeControl "2700+45"]

1. d4 d5 2. c4 e6 3. Nc3 Ne7 4. Nf3 Nbc6 5. Bg5 h6 6. Bh4 a6 7. e3 Qd7 8. Bg3
Nf5 9. Ne5 Nxe5 10. Bxe5 Bb4 11. a3 Bxc3+ 12. bxc3 c6 13. Rb1 f6 14. Bf4 Qf7 15.
Qc2 b5 16. cxd5 exd5 17. Bd3 Qe7 18. Bxf5 Bd7 19. Bg6+ Kf8 20. O-O Qxa3 21. Qb3
Qxb3 22. Rxb3 Ke7 23. Ra1 f5 24. Rba3 Kf6 25. Bh5 Rhg8 26. Rxa6 Rxa6 27. Rxa6 g5
28. Be5+ Ke7 29. Ra7 Rd8 30. Bg6 Ke6 31. Kf1 Be8 32. Bxe8 Rxe8 33. Ra6 Rc8 34.
Ke2 h5 35. Kd3 h4 36. h3 Kf7 37. Kc2 Kg6 38. Kb3 g4 39. hxg4 fxg4 40. Kb4 Kf5
41. Kc5 Ke4 42. Kb6 Kd3 43. Kb7 Rf8 44. Ra2 Kxc3 45. Kxc6 b4 46. Ra7 Rxf2 47.
Kxd5 b3 48. Ke4 b2 49. d5+ Kc2 50. Rc7+ Kd1 51. Rb7 Rxg2 52. Rxb2 Rxb2 53. Bxb2
Ke2 54. d6 g3 55. d7 g2 56. d8=Q g1=Q 57. Qd3+ Kf2 58. Qd2+ Kg3 59. Be5+ Kh3 60.
Qd7+ Kg2 61. Qg7+ Kf1 62. Qxg1+ Kxg1 63. Kf3 h3 64. e4 Kf1 65. Bh2 Ke1 66. e5
{Black resigns} 1-0

[Event "Team 45 45 League T40"]
[Site "Internet Chess Club"]
[Date "2009.02.02"]
[Round "1"]
[White "Aquaman"]
[Black "AlPearson"]
[Result "1-0"]
[WhiteElo "1404"]
[BlackElo "1403"]
[Opening "Pirc: Byrne variation"]
[ECO "B07"]
[Time "09:32:08"]
[TimeControl "2700+45"]

1. d4 Nf6 2. Nc3 g6 3. e4 d6 4. Bg5 Bg7 5. e5 Nfd7 6. exd6 cxd6 7. Qd2 Nc6 8.
Nf3 Qb6 9. O-O-O Nf6 10. Bh6 O-O 11. Bxg7 Kxg7 12. h3 d5 13. g4 e6 14. Nh2 Bd7
15. Bg2 a5 16. Na4 Qb4 17. Nc5 Qxd2+ 18. Rxd2 b5 19. g5 Ne4 20. Bxe4 dxe4 21.
Nxd7 {Black resigns} 1-0

[Event "Team 45 45 League T40"]
[Site "Internet Chess Club"]
[Date "2009.01.31"]
[Round "1"]
[White "AtomicDog"]
[Black "nozmov"]
[Result "1-0"]
[WhiteElo "1376"]
[BlackElo "1407"]
[Opening "Pirc: Austrian attack, 6.Bd3"]
[ECO "B09"]
[Time "09:59:17"]
[TimeControl "2700+45"]

1. e4 d6 2. d4 Nf6 3. Nc3 g6 4. f4 Bg7 5. Nf3 O-O 6. Bd3 Bg4 7. O-O c5 8. dxc5
dxc5 9. Qe2 Nc6 10. Qf2 Bxf3 11. Qxf3 Qd7 12. e5 Nd4 13. Qf2 Nd5 14. Nxd5 Qxd5
15. c3 Nb3 16. axb3 Qxd3 17. Be3 b6 18. Rad1 Qf5 19. Rd2 Rfd8 20. Qf3 Rac8 21.
Rfd1 Rxd2 22. Rxd2 f6 23. g4 Qe6 24. Qd1 fxe5 25. fxe5 Qxe5 26. Rd3 Rc6 27. Rd8+
Kf7 28. Qf3+ Rf6 29. Qe2 Bh6 30. Qc4+ Re6 31. Bxh6 Qe1+ 32. Qf1+ Qxf1+ 33. Kxf1
Rf6+ 34. Kg2 e5 35. Rf8+ Ke6 36. Rxf6+ Kxf6 37. Be3 Ke6 38. Kf3 Kd6 39. c4 Ke6
40. h4 Kd6 41. Ke4 Ke6 42. Bh6 Kd6 43. Bg7 {Black resigns} 1-0

[Event "Team 45 45 League T40"]
[Site "Internet Chess Club"]
[Date "2009.01.31"]
[Round "1"]
[White "reverendjim"]
[Black "Rubacchus"]
[Result "1-0"]
[WhiteElo "1279"]
[BlackElo "1280"]
[Opening "Ruy Lopez: ...b5 & ...d6"]
[ECO "C78"]
[Time "09:00:38"]
[TimeControl "2700+45"]

1. e4 e5 2. Nf3 Nc6 3. Bb5 a6 4. Ba4 Nf6 5. O-O b5 6. Bb3 d6 7. c3 Nxe4 8. d4
Be7 9. dxe5 Nxe5 10. Nxe5 dxe5 11. Qxd8+ Bxd8 12. Re1 Nf6 13. Rxe5+ Be7 14. Bg5
O-O 15. Rxe7 Nd7 16. Nd2 c5 17. Bd5 Rb8 18. Bf4 Rb6 19. Rae1 Nf6 20. Bf3 Re6 21.
R7xe6 Bxe6 22. Nb3 Bxb3 23. axb3 a5 24. h3 h6 25. Ra1 a4 26. bxa4 bxa4 27. Rxa4
g5 28. Bd6 Rc8 29. Ra8 Rxa8 30. Bxa8 Nd7 31. Bc6 {Black resigns} 1-0

[Event "Team 45 45 League T40"]
[Site "Internet Chess Club"]
[Date "2009.02.01"]
[Round "1"]
[White "Fezzik"]
[Black "Stav"]
[Result "1-0"]
[WhiteElo "1996"]
[BlackElo "1841"]
[Opening "Old Indian: main line"]
[ECO "A55"]
[Time "16:03:13"]
[TimeControl "2700+45"]

1. Nf3 d6 2. d4 Nf6 3. c4 Nbd7 4. Nc3 e5 5. e4 Be7 6. Be2 O-O 7. O-O c6 8. Be3
Ne8 9. d5 c5 10. Ne1 g6 11. f3 Ng7 12. Nc2 f5 13. b4 f4 14. Bf2 Bh4 15. Qe1
Bxf2+ 16. Qxf2 a6 17. Rab1 g5 18. bxc5 Nxc5 19. Nb4 Rf6 20. Nd3 b6 21. Rb2 Bd7
22. Rfb1 Rb8 23. Nxc5 dxc5 24. Bd1 h5 25. Na4 g4 26. Nxc5 Rg6 27. Nxd7 g3 28.
hxg3 fxg3 29. Qe3 Qxd7 30. Rxb6 Rbxb6 31. Rxb6 Rxb6 32. Qxb6 h4 33. c5 h3 34.
Qb8+ Kh7 35. Qxe5 h2+ 36. Kh1 Qb5 37. Qxg3 Qf1+ 38. Kxh2 Qxd1 39. c6 Qc1 40. c7
Nh5 41. Qe5 Qg5 42. Qxg5 {Black resigns} 1-0

[Event "Team 45 45 League T40"]
[Site "Internet Chess Club"]
[Date "2009.01.29"]
[Round "1"]
[White "ghostfire"]
[Black "AronT"]
[Result "1-0"]
[WhiteElo "1870"]
[BlackElo "1742"]
[Opening "Nimzo-Indian: classical variation"]
[ECO "E32"]
[Time "21:00:12"]
[TimeControl "2700+45"]

1. d4 Nf6 2. c4 e6 3. Nc3 Bb4 4. Qc2 O-O 5. Bg5 h6 6. Bh4 d5 7. c5 b6 8. a3
Bxc3+ 9. Qxc3 Bb7 10. Nf3 Qe7 11. cxb6 cxb6 12. e3 Nbd7 13. Qc7 Rab8 14. Bxf6
gxf6 15. Qg3+ Kh7 16. Bd3+ f5 17. Rc1 Rfc8 18. O-O Rg8 19. Qh3 Rg7 20. Rc7 Qd6
21. Rfc1 Nc5 22. R7xc5 bxc5 23. dxc5 Qc7 24. b4 Rbg8 25. Nh4 Rg5 26. f4 Rh5 27.
Be2 Rxh4 28. Qxh4 d4 29. c6 dxe3 30. Qe1 Bc8 31. Qf1 Qd6 32. Qf3 Qd2 33. Rd1 Qc3
34. Rd3 Qc1+ 35. Qf1 Qxf1+ 36. Kxf1 Ba6 37. Rd7 Bxe2+ 38. Kxe2 Rxg2+ 39. Kxe3
Rc2 40. c7 Kg7 41. Kd3 Rc1 42. Kd2 Rc6 43. a4 Kf6 44. b5 Rc5 45. a5 e5 46. fxe5+
Ke6 47. Rd6+ Kxe5 48. Rc6 {Black resigns} 1-0

[Event "Team 45 45 League T40"]
[Site "Internet Chess Club"]
[Date "2009.02.03"]
[Round "1"]
[White "Ghashgork"]
[Black "Harmonicus"]
[Result "0-1"]
[WhiteElo "1703"]
[BlackElo "1906"]
[Opening "Bird's opening"]
[ECO "A03"]
[Time "15:02:19"]
[TimeControl "2700+45"]

1. f4 d5 2. Nf3 Bg4 3. e3 Nd7 4. Be2 Ngf6 5. b3 Bxf3 6. Bxf3 e6 7. Bb2 Bd6 8.
O-O Qe7 9. d4 O-O 10. c4 b6 11. Nc3 c6 12. Qe1 Ba3 13. Qc1 Bxb2 14. Qxb2 Rfe8
15. Rfe1 Rac8 16. Rac1 Nf8 17. Na4 c5 18. Qe2 Ng6 19. g3 Qd6 20. Nb2 cxd4 21.
exd4 dxc4 22. Nxc4 Qxd4+ 23. Qe3 Qxe3+ 24. Rxe3 b5 {White resigns} 0-1

[Event "Team 45 45 League T40"]
[Site "Internet Chess Club"]
[Date "2009.02.01"]
[Round "1"]
[White "Razorbackchess"]
[Black "Thersites"]
[Result "0-1"]
[WhiteElo "1756"]
[BlackElo "1746"]
[Opening "Benoni: four pawns attack, main line"]
[ECO "A69"]
[Time "13:04:02"]
[TimeControl "2700+45"]

1. d4 Nf6 2. c4 c5 3. d5 e6 4. Nc3 exd5 5. cxd5 d6 6. e4 g6 7. f4 Bg7 8. Nf3 O-O
9. Be2 Re8 10. Nd2 Na6 11. O-O Nc7 12. a4 a6 13. Bf3 Rb8 14. Re1 b5 15. axb5
axb5 16. e5 dxe5 17. fxe5 Nfxd5 18. Nxd5 Nxd5 19. Qc2 Nb4 20. Qb3 Qd4+ {White
resigns} 0-1

[Event "Team 45 45 League T40"]
[Site "Internet Chess Club"]
[Date "2009.02.01"]
[Round "1"]
[White "Paulkov"]
[Black "A-Ru"]
[Result "0-1"]
[WhiteElo "1747"]
[BlackElo "1816"]
[Opening "French defense"]
[ECO "C11"]
[Time "12:00:34"]
[TimeControl "2700+45"]

1. e4 e6 2. d4 d5 3. Nc3 Nf6 4. exd5 Nxd5 5. Nf3 Nxc3 6. bxc3 Bd7 7. Bd3 Bc6 8.
O-O Bxf3 9. Qxf3 c6 10. Rb1 Qd7 11. Re1 Be7 12. Bf4 O-O 13. Be5 b6 14. Re3 g6
15. Qg4 Qd8 16. Rh3 Bf6 17. f4 Nd7 18. Bd6 Re8 19. f5 Bg7 20. fxg6 hxg6 21. Bxg6
Nf6 22. Bxf7+ Kxf7 23. Rf1 Qxd6 24. Rxf6+ Kxf6 25. Rf3+ Ke7 26. Qxg7+ Kd8 27.
Rf7 e5 28. dxe5 Qxe5 29. Rd7+ Kc8 30. Rd8+ Kxd8 {White resigns} 0-1

[Event "Team 45 45 League T40"]
[Site "Internet Chess Club"]
[Date "2009.01.31"]
[Round "1"]
[White "viking99"]
[Black "Victorianum"]
[Result "1-0"]
[WhiteElo "1824"]
[BlackElo "1742"]
[Opening "Sicilian: dragon, classical, Richter variation"]
[ECO "B72"]
[Time "12:05:29"]
[TimeControl "2700+45"]

1. e4 c5 2. Nf3 d6 3. d4 cxd4 4. Nxd4 Nf6 5. Nc3 g6 6. Be2 Bg7 7. Be3 O-O 8. Qd2
Nc6 9. O-O a5 10. f3 Nxd4 11. Bxd4 Be6 12. Nd5 Nxd5 13. exd5 Bxd4+ 14. Qxd4 Bf5
15. c4 a4 16. b3 Qa5 17. g4 Bd7 18. Rfb1 Qc5 19. Qxc5 dxc5 20. b4 cxb4 21. Rxb4
Rfb8 22. Rab1 Ra7 23. c5 Re8 24. Rxb7 Rxb7 25. Rxb7 Bc8 26. Rb8 Kf8 27. Bb5 Bd7
28. Rxe8+ Kxe8 29. c6 Bc8 30. Bxa4 {Black resigns} 1-0

[Event "Team 45 45 League T40"]
[Site "Internet Chess Club"]
[Date "2009.01.30"]
[Round "1"]
[White "rayngrant"]
[Black "Marichan"]
[Result "0-1"]
[WhiteElo "1521"]
[BlackElo "1779"]
[Opening "Pirc: classical (two knights) system"]
[ECO "B08"]
[Time "19:01:01"]
[TimeControl "2700+45"]

1. e4 d6 2. d4 Nf6 3. Nc3 g6 4. Nf3 Bg7 5. Be3 O-O 6. Qd2 c6 7. O-O-O b5 8. e5
Ng4 9. h3 Nxe3 10. Qxe3 Qa5 11. Kb1 Be6 12. d5 cxd5 13. Nxd5 Nc6 14. exd6 Bxd5
15. Rxd5 Nb4 16. Rxb5 Qxa2+ 17. Kc1 Qxb2+ 18. Kd1 Qxc2+ 19. Ke1 Bc3+ 20. Nd2
exd6 21. Be2 Qc1+ {White resigns} 0-1

[Event "Team 45 45 League T40"]
[Site "Internet Chess Club"]
[Date "2009.01.31"]
[Round "1"]
[White "DaveTheRook"]
[Black "allanchs"]
[Result "1/2-1/2"]
[WhiteElo "1689"]
[BlackElo "1551"]
[Opening "QGD: Orthodox defense, Botvinnik variation"]
[ECO "D60"]
[Time "15:00:37"]
[TimeControl "2700+45"]

1. d4 d5 2. c4 e6 3. Nc3 Nf6 4. Bg5 Be7 5. Nf3 O-O 6. e3 Nbd7 7. Bd3 dxc4 8.
Bxc4 Nd5 9. Bxe7 Nxe7 10. O-O c5 11. Rc1 cxd4 12. exd4 Nf6 13. Re1 b6 14. Qe2
Bb7 15. Rcd1 Qc7 16. Ne5 Ned5 17. Nb5 Qe7 18. Bxd5 Bxd5 19. Nc3 Rac8 20. Nxd5
Nxd5 21. Rc1 Rc7 22. Rxc7 Qxc7 23. Nd3 Qc4 24. a3 Qxd4 25. Rc1 Nf4 26. Nxf4 Qxf4
27. Rc4 Qd6 28. Qc2 {Game drawn by mutual agreement} 1/2-1/2

[Event "Team 45 45 League T40"]
[Site "Internet Chess Club"]
[Date "2009.01.31"]
[Round "1"]
[White "Check101"]
[Black "arconia"]
[Result "0-1"]
[WhiteElo "1319"]
[BlackElo "1391"]
[Opening "Sicilian: Taimanov variation"]
[ECO "B45"]
[Time "19:42:21"]
[TimeControl "2700+45"]

1. e4 c5 2. Nf3 Nc6 3. d4 cxd4 4. Nxd4 e6 5. Nc3 d6 6. Bc4 Be7 7. Be3 Nf6 8. O-O
O-O 9. f4 d5 10. exd5 exd5 11. Bb3 Ng4 12. Bf2 Nxf2 13. Rxf2 Bc5 14. Rd2 Nxd4
15. Rxd4 Bxd4+ 16. Qxd4 Bf5 17. Rd1 h5 18. Nxd5 Qh4 19. Qe5 Rae8 20. Qc3 Qg4 21.
Re1 Be4 22. Qd2 h4 23. h3 Qg6 24. Ba4 Bxg2 25. Rxe8 Bxd5+ 26. Kf1 Bc4+ 27. Kf2
Qg3# {White checkmated} 0-1

[Event "Team 45 45 League T40"]
[Site "Internet Chess Club"]
[Date "2009.01.30"]
[Round "1"]
[White "kidcobra"]
[Black "Fourclub"]
[Result "0-1"]
[WhiteElo "1417"]
[BlackElo "1247"]
[Opening "Ruy Lopez: Marshall, main line, 14...Qh3"]
[ECO "C89"]
[Time "16:04:52"]
[TimeControl "2700+45"]

1. e4 e5 2. Nf3 Nc6 3. Bb5 a6 4. Ba4 Nf6 5. O-O Be7 6. Re1 b5 7. Bb3 O-O 8. c3
d5 9. exd5 Nxd5 10. Nxe5 Nxe5 11. Rxe5 c6 12. Re1 Bd6 13. d4 Qh4 14. g3 Qh3 15.
Qe2 Bg4 16. Qf1 Rae8 17. Bd2 Qxf1+ 18. Kxf1 Bh3+ 19. Kg1 Rxe1+ 20. Bxe1 Re8 21.
Nd2 b4 22. c4 Nf6 23. Nf3 c5 24. dxc5 Bxc5 25. Ba4 Re7 26. Rd1 g6 27. Rd8+ Kg7
28. Bd1 g5 29. Bd2 Ne4 30. Be3 Bxe3 31. fxe3 Be6 32. Bc2 Nc5 33. Kf2 Bxc4 34.
Rc8 Ne4+ 35. Bxe4 Rxe4 36. Nxg5 Rg4 37. b3 Bd5 38. Nf3 Rg6 39. Rb8 Rf6 40. Rxb4
Bxf3 41. Kg1 Be2 42. Kg2 Rf1 43. Rd4 Rd1 44. Ra4 Rd2 45. Kf2 Rb2 46. Ke1 Bb5 47.
Rg4+ Kf8 48. Rh4 Rxa2 49. Rxh7 Re2+ 50. Kd1 Rxe3 51. Rh8+ Kg7 52. Rh4 Rxb3 53.
g4 Rb4 54. Kc2 f5 55. Kc3 Rxg4 56. Rh5 Rc4+ 57. Kb3 Kg6 58. Rh3 f4 59. Rf3 a5
60. h4 a4+ 61. Ka3 Kh5 62. Rf2 Kxh4 63. Rh2+ Kg3 64. Rd2 f3 65. Rd1 f2 66. Ra1
Kg2 67. Ka2 Re4 68. Rg1+ fxg1=Q 69. Kb2 Qf2+ 70. Ka3 Qc5+ 71. Kb2 Rb4+ 72. Ka2
Qc2+ 73. Ka1 Qb2# {White checkmated} 0-1